 Dungeon Crawl Stone Soup version 0.32-a0-361-g289a535e89 (webtiles) character file.

Game seed: 8494569666591265964

198 ytrimaz the Cutter (level 5, -4/41 HPs)
             Began as a Coglin Gladiator on Feb 19, 2024.
             Splashed by a jelly's acid (5 damage)
             ... on level 4 of the Dungeon.
             The game lasted 00:02:05 (2160 turns).

ytrimaz the Cutter (Coglin Gladiator)               Turns: 2160, Time: 00:02:06

Health: -4/41      AC:  1    Str: 15    XL:     5   Next: 76%
Magic:  5/5        EV: 13    Int:  7    God:
Gold:   124        SH:  0    Dex: 17    Spells: 4/4 levels left

rFire   . . .        a - +1 rapier {Belessunu}
rCold   . . .        o - +0 dagger (speed) {Mizue}
rNeg    . . .        b - +0 leather armour
rPois   .            c - +0 helmet
rElec   .            (no cloak)
rCorr   .            k - +0 pair of gloves
SInv    .            (no boots)
Will    .....        (no amulet)
Stlth   +            (no ring)
HPRegen 0.26/turn    (no ring)
MPRegen 0.09/turn

%: no passive effects
@: corroded, revving, stiff-legged, very slow
A: off-hand wielding, slow wielding, warmup strikes, warmup strides
a: no special abilities


You were on level 4 of the Dungeon.
You visited 1 branch of the dungeon, and saw 4 of its levels.

You collected 124 gold pieces.


Innate Abilities, Weirdness & Mutations

You can wield a second weapon in your off-hand.
It takes a long time for you to wield or remove held weapons.
Your first few attacks do less damage.
Your first movements take longer.


   Skills:
 + Level 3.6 Fighting
 + Level 3.9 Short Blades
 - Level 1.7 Throwing
 + Level 3.9 Dodging


You had 4 spell levels left.
You didn't know any spells.
Your spell library contained the following spells:

 Spells                   Type           Power      Damage    Failure   Level
 Cigotuvi's Dreadful Rot  Necr/Alch/Air  0%         N/A       65%         2
 Gell's Gravitas          Tloc           0%         N/A       86%         3
 Summon Ice Beast         Ice/Summ       0%         N/A       86%         3
 Teleport Other           Tloc           0%         N/A       86%         3
 Tukima's Dance           Hex            0%         N/A       86%         3
 Dimensional Bullseye     Hex/Tloc       0%         N/A       99%         4
 Dispel Undead            Necr           0%         3d6       99%         4
 Iskenderun's Mystic Bla  Conj/Tloc      0%         2d3       99%         4
 Martyr's Knell           Necr/Summ      0%         N/A       99%         4
 Summon Mana Viper        Hex/Summ       0%         N/A       100%        5
 Death Channel            Necr           0%         N/A       100%        6
 Dispersal                Tloc           0%         N/A       100%        6
 Monstrous Menagerie      Summ           0%         N/A       100%        7

Inventory:

Hand Weapons
 a - a +1 rapier (weapon) {Belessunu}
 g - a +0 short sword {Xochitl}
   (You found it on level 1 of the Dungeon)
 o - a +0 dagger of speed (worn) {Mizue}
   (You took it off a kobold on level 3 of the Dungeon)
Missiles
 d - a throwing net (quivered)
 e - a javelin
Armour
 b - a +0 leather armour (worn)
 c - a +0 helmet (worn)
 k - a +0 pair of gloves (worn)
   (You found it on level 1 of the Dungeon)
Jewellery
 f - a ring of fire
   (You found it on level 1 of the Dungeon)
Scrolls
 p - a scroll of poison {unknown}
 r - 3 scrolls of teleportation
 s - a scroll of amnesia
Potions
 h - a potion of lignification {unknown}
 i - 3 potions of heal wounds {unknown}
 j - a potion of degeneration {unknown}
 l - a potion of magic {unknown}
 m - a potion of haste {unknown}
 n - a potion of brilliance {unknown}
 q - 2 potions of curing {unknown}
 t - 2 potions of cancellation {unknown}

Dungeon Overview and Level Annotations

Branches:
Dungeon (4/15) Zot: 21746
 Temple: D:4-7

Altars:
Sif Muna

Shops:
D:1

( #### .... ###
... #### ....
#.##.$.# .....
#..+...#
......#..#...#
.......<@#...##..
....#.###J.5.$g#
. .. .......# .[.
#......# .o.
.......# <.
......## .
......## ......#
#......#


You could see a jelly, a white imp and a hobgoblin.


Message History

You closely miss the kobold with your +0 dagger of speed.
You hit the kobold with your +1 rapier.
You kill the kobold!
Things that are here:
a +0 dagger; 5 stones; a kobold corpse Unknown command.
No target in view!
You now have 124 gold pieces (gained 11).
Key pressed, stopping explore.
Done exploring.
Done exploring.
Done exploring.
No target in view!
There is a stone staircase leading down here.
You climb downwards.
The hobgoblin shouts!
Found 9 gold pieces and a ring mail.
Found a stone staircase leading up.
There is a stone staircase leading up here.
There are monsters nearby!
A jelly comes into view.
There are monsters nearby!
A white imp comes into view.
The white imp shouts, "Crawl home, thou fobbing weather-bitten hugger-mugger!"
You hit the jelly with your +0 dagger of speed.
The acid corrodes you!
Your graspers burn!
You puncture the jelly with your +1 rapier!
Your graspers burn!
You hear a shout! 😕 HP[-7]
You take 7 damage, and now have 34/41 hp.
You hit the jelly but do no damage.
Your graspers burn!
You hit the jelly with your +1 rapier.
Your graspers burn!
The jelly misses you. The hobgoblin hits you. 😮 HP[-9]
You take 9 damage, and now have 25/41 hp.
MASSIVE DAMAGE!! (PAUSE)
The hobgoblin attacks as it pursues you!
The hobgoblin closely misses you.
You hear a slurping noise.
The hobgoblin hits you.
Unknown command.
You barely miss the hobgoblin with your +0 dagger of speed.
You puncture the hobgoblin with your +1 rapier!
You kill the hobgoblin!
Unknown command.
You hit the hobgoblin but do no damage.
You hit the hobgoblin with your +1 rapier.
You hit the jelly but do no damage.
Your graspers burn!
You hit the jelly with your +1 rapier.
Your graspers burn!
* * * LOW HITPOINT WARNING * * *
😨 HP[-7]
You take 7 damage, and now have 18/41 hp.
Unknown command.
You hit the jelly but do no damage.
Your graspers burn!
* * * LOW HITPOINT WARNING * * *
You hit the jelly but do no damage.
Your graspers burn!
* * * LOW HITPOINT WARNING * * *
😨 HP[-6]
You take 6 damage, and now have 12/41 hp.
Unknown command.
You barely miss the jelly with your +0 dagger of speed.
You hit the jelly with your +1 rapier.
Your graspers burn!
* * * LOW HITPOINT WARNING * * *
The jelly barely misses you. 😨 HP[-1]
You take 1 damage, and now have 11/41 hp.
Unknown command.
You hit the jelly with your +1 rapier.
Your graspers burn!
* * * LOW HITPOINT WARNING * * *
You hit the jelly but do no damage.
Your graspers burn!
* * * LOW HITPOINT WARNING * * *
😱 HP[-6]
You take 6 damage, and now have 5/41 hp.
Unknown command.
Okay, then.
Throw: 4 throwing nets
Press: ? - help, Q - select action, (/) - cycle Shift-Dir - straight line, f - jelly
Aim: a jelly (almost dead, 89% to hit, immune to nets)
You throw a throwing net. The throwing net hits the jelly.
The jelly effortlessly oozes through the net!
The jelly misses you.
Unknown command.
Throw: 3 throwing nets
Press: ? - help, Q - select action, (/) - cycle Shift-Dir - straight line, f/p - jelly
Aim: a jelly (almost dead, 89% to hit, immune to nets)
You throw a throwing net. The throwing net hits the jelly.
The jelly effortlessly oozes through the net!
The jelly barely misses you.
Throw: 2 throwing nets
Press: ? - help, Q - select action, (/) - cycle Shift-Dir - straight line, f/p - jelly
Aim: a jelly (almost dead, 89% to hit, immune to nets)
You throw a throwing net. The throwing net hits the jelly.
The jelly effortlessly oozes through the net!
A hobgoblin comes into view.
The jelly barely misses you. 😱 HP[+1]
You hit the jelly but do no damage.
Your graspers burn!
* * * LOW HITPOINT WARNING * * *
You hit the jelly but do no damage.
Your graspers burn!
You die...

Skill      XL: |  1  2  3  4 |
---------------+-------------+-----
Short Blades   | 3 |  3.9
Dodging        | 3 |  3.9
Fighting       | 3 |  3.6
Throwing       | |  1.7

Action                     |  1- 3 |  4- 6 || total
---------------------------+-------+-------++-------
  Melee: Rapier            |    48 |    91 ||   139
         Short sword       |    37 |    53 ||    90
         Dagger            |       |    31 ||    31
  Throw: Throwing net      |       |     3 ||     3
    Use: Scroll            |       |     5 ||     5
 Armour: Leather armour    |    17 |    34 ||    51
  Dodge: Dodged            |    31 |    72 ||   103

Levels and vault maps discovered:
D:1:      psy_arrival_fountain, layout_basic, serial_shops, shop,
          basic_ecumenical_altar
D:2:      layout_loops_cross
D:3:      layout_rooms, mainiacjoe_overflow_surrounded_room
D:4:      layout_basic, uniq_natasha

Notes
Turn   | Place    | Note
-------+----------+-------------------------------------------
     0 | D:1      | ytrimaz the Coglin Gladiator began the quest for the Orb.
     0 | D:1      | Reached XP level 1. HP: 16/16 MP: 1/1
     0 | D:1      | magus.rc [v1.9.6]
    53 | D:1      | Found Xyranix's Weapon Emporium.
   193 | D:1      | You add the spells Gell's Gravitas, Teleport Other and
                  | Dispersal to your library.
   261 | D:1      | Reached XP level 2. HP: 21/22 MP: 2/2
   307 | D:1      | Found a faded altar of an unknown god.
   319 | D:1      | Reached skill level 3 in Short Blades
   319 | D:1      | Reached skill level 3 in Dodging
   490 | D:1      | Reached XP level 3. HP: 26/28 MP: 3/3
   724 | D:1      | You fall into a shaft and drop 1 floor!
   853 | D:2      | Reached XP level 4. HP: 30/34 MP: 4/4
   857 | D:2      | Reached skill level 3 in Fighting
  1106 | D:2      | You pick up a book of Weapons and begin reading...
  1106 | D:2      | You add the spells Tukima's Dance, Dimensional Bullseye and
                  | Iskenderun's Mystic Blast to your library.
  1371 | D:2      | Reached XP level 5. HP: 41/41 MP: 5/5
  1423 | D:1      | You pick up a book of Decay and begin reading...
  1423 | D:1      | You add the spells Cigotuvi's Dreadful Rot, Dispel Undead,
                  | Martyr's Knell and Death Channel to your library.
  1718 | D:3      | You pick up a book of Beasts and begin reading...
  1718 | D:3      | You add the spells Summon Ice Beast, Summon Mana Viper and
                  | Monstrous Menagerie to your library.
  1930 | D:3      | Found a shimmering blue altar of Sif Muna.
  2155 | D:4      | HP: 10/41 [acid (2)]
  2160 | D:4      | HP: 1/41 [acid (5)]
  2160 | D:4      | Splashed by a jelly's acid

Vanquished Creatures
  A bombardier beetle (D:3)
  4 gnolls (D:2)
  An adder (D:3)
  A dart slug (D:1)
  An orc (D:3)
  6 ball pythons
  7 endoplasms
  A giant cockroach (D:1)
  5 goblins
  2 hobgoblins
  11 jackals
  4 kobolds (D:3)
  5 quokkas
  7 bats
  7 frilled lizards
  4 rats (D:2)
67 creatures vanquished.

Table legend:
 A = Non-vault XP
 B = Vault XP
 C = Vault XP percentage of total XP
 D = Non-vault monster count
 E = Vault monster count
 F = Vault count percentage of total count
                 A         B        C        D         E       F
            +---------+---------+-------+---------+---------+-------
      Total |     283 |       0 |   0.0 |      67 |       0 |   0.0
            +---------+---------+-------+---------+---------+-------
        D:1 |      58 |       0 |   0.0 |      20 |       0 |   0.0
        D:2 |     121 |       0 |   0.0 |      28 |       0 |   0.0
        D:3 |     101 |       0 |   0.0 |      18 |       0 |   0.0
        D:4 |       3 |       0 |   0.0 |       1 |       0 |   0.0
            +---------+---------+-------+---------+---------+-------

Skill      XL: |  1  2  3  4 |
---------------+-------------+-----
Short Blades   | 3 |  3.9
Dodging        | 3 |  3.9
Fighting       | 3 |  3.6
Throwing       | |  1.7

Action                     |  1- 3 |  4- 6 || total
---------------------------+-------+-------++-------
  Melee: Rapier            |    48 |    91 ||   139
         Short sword       |    37 |    53 ||    90
         Dagger            |       |    31 ||    31
  Throw: Throwing net      |       |     3 ||     3
    Use: Scroll            |       |     5 ||     5
 Armour: Leather armour    |    17 |    34 ||    51
  Dodge: Dodged            |    31 |    72 ||   103

Illustrated notes

Table legend:
 A = Kills in this place as a percentage of kills in the entire game.
 B = Kills by you in this place as a percentage of kills by you in the entire game.
 C = Kills by friends in this place as a percentage of kills by friends in the entire game.
 D = Other kills in this place as a percentage of other kills in the entire game.
 E = Experience gained in this place as a percentage of experience gained in the entire game.
 F = Experience gained in this place divided by the number of levels of this place that you have seen.
                   A       B       C       D       E      F
               +-------+-------+-------+-------+-------+----------------------
         Total | 100.0 | 100.0 |   N/A |   N/A | 100.0 |  70.8
       Dungeon | 100.0 | 100.0 |   N/A |   N/A | 100.0 |  70.8
               +-------+-------+-------+-------+-------+----------------------

Table legend: (Time is in decaauts)
 A = Elapsed time spent in this place.
 B = Non-inter-level travel time spent in this place.
 C = Inter-level travel time spent in this place.
 D = Time resting spent in this place.
 E = Time spent auto-exploring this place.
 F = Levels seen in this place.
 G = Mean time per level.
                   A        B        C        D        E       F      G
               +--------+--------+--------+--------+--------+-----+--------+
         Total |   2253 |   2220 |     33 |      0 |   1744 |   4 |  563.2 |
       Dungeon |   2253 |   2220 |     33 |      0 |   1744 |   4 |  563.2 |
               +--------+--------+--------+--------+--------+-----+--------+

Top non-repeatable levels by time:
     D:1: 930 daAuts
     D:2: 724 daAuts
     D:3: 585 daAuts
     D:4: 13 daAuts
